 Dungeon Crawl Stone Soup version 0.29.1 (webtiles) character file.

Game seed: 8106873795512940637

819 Iusername the Covered (level 7, -1/91 HPs)
             Began as a Minotaur Fighter on Sept 14, 2022.
             Slain by an orc warrior
             ... wielding a +0 long sword
              (2 damage)
             ... on level 5 of the Dungeon.
             The game lasted 00:07:12 (4206 turns).

Iusername the Covered (Minotaur Fighter)            Turns: 4206, Time: 00:07:12

Health: -1/91      AC: 23    Str: 23    XL:     7   Next: 63%
Magic:  6/6        EV:  2    Int:  5    God:
Gold:   208        SH:  4    Dex:  9    Spells: 6/6 levels left

rFire   . . .      SeeInvis .   a - +2 long sword
rCold   . . .      Faith    .   c - +0 buckler
rNeg    . . .      Spirit   .   (body armour currently unavailable)
rPois   +          Reflect  .   (helmet currently unavailable)
rElec   .          Harm     .   (cloak currently unavailable)
rCorr   .          Rampage  .   (gloves currently unavailable)
Will    .....      NoTele   +   (boots currently unavailable)
Stlth   +.........              (no amulet)
HPRegen 0.25/turn               h - +4 ring of evasion
MPRegen 0.10/turn               (no ring)

@: tree-form
A: stationary, stasis, torment immunity, boosted hp, (horns 2), (retaliatory
headbutt)
a: no special abilities


You were on level 5 of the Dungeon.
You were a tree.
You visited 1 branch of the dungeon, and saw 5 of its levels.

You collected 208 gold pieces.

Inventory:

Hand Weapons
 a - a +2 long sword (weapon)
Armour
 b - a +0 scale mail (melded)
 c - a +0 buckler (worn)
Jewellery
 h - a +4 ring of evasion (left branch)
 m - a ring of willpower
 p - a ring of positive energy
Wands
 f - a wand of light (4)
 i - a wand of mindburst (12) (quivered)
Scrolls
 d - a scroll of fear {unknown}
 q - a scroll of magic mapping
 r - a scroll of teleportation
Potions
 g - a potion of cancellation
 j - a potion of magic {unknown}
 k - a potion of degeneration {unknown}
 l - a potion of flight {unknown}
 n - a potion of lignification
 o - 2 potions of curing {unknown}
 s - a potion of brilliance {unknown}


   Skills:
 + Level 5.3 Fighting
 + Level 6.8 Long Blades
 + Level 6.8 Armour
 + Level 1.3 Dodging
 + Level 1.0 Stealth
 + Level 4.6 Shields


You had 6 spell levels left.
You didn't know any spells.
Your spell library contained the following spells:

 Spells                   Type           Power      Damage    Failure   Level
 Apportation              Tloc           0%         N/A       56%         1
 Freeze                   Ice            0%         1d3       56%         1
 Necrotise                Necr           0%         1d4       56%         1
 Summon Small Mammal      Summ           0%         N/A       56%         1
 Conjure Flame            Conj/Fire      0%         6-21      90%         3
 Frozen Ramparts          Ice            0%         1d1       90%         3
 Ignite Poison            Fire/Tmut/Pois 0%         N/A       90%         3
 Hailstorm                Conj/Ice       0%         3d3       100%        4
 Sticky Flame             Conj/Fire      0%         2d3       100%        4


Dungeon Overview and Level Annotations

Branches:
Dungeon (5/15)
 Temple: D:4-7

Altars:
Vehumet

Shops:
D:2 :[


Innate Abilities, Weirdness & Mutations

You are a tree.
Your roots penetrate the ground, keeping you stationary.
You cannot be teleported.
You are immune to unholy pain and torment.
Your maximum health is greatly increased.
Your equipment is partially melded.
((You have a pair of horns on your head.))
((You reflexively headbutt those who attack you in melee.))


Message History

You are too injured to fight recklessly!
Something hits you but does no damage.
The orc warrior hits you with a +0 long sword!!
* * * LOW HITPOINT WARNING * * *
It was a potion of cancellation.
You feel strangely stable.
Your magical effects are unravelling.
You feel magically purged.
The sentinel's mark upon you fades away.
The orc barely misses you. You block the orc warrior's attack.
It was a potion of lignification.
You turn into a tree.
Your +0 scale mail melds into your body.
Your roots penetrate the ground.
The orc hits you but does no damage. Something hits you but does no damage.
The orc warrior barely misses you.
You cannot move.
You cannot move.
You cannot move.
You cannot move.
You cannot move.
You cannot move.
You cannot move.
You cannot move.
You cannot move.
You cannot move.
You cannot move.
You cannot move.
You cannot move.
Welcome back, Iusername the Minotaur Fighter.
Press ? for a list of commands and other information.
You completely miss the orc. The orc hits you but does no damage.
Something hits you but does no damage.
Deactivating autopickup; reactivate with Ctrl-A.
The orc warrior hits you with a +0 long sword!
* * * LOW HITPOINT WARNING * * *
As you read the scroll of torment, it crumbles to dust.
You feel a surge of unholy energy.
Something is bathed in an unholy light!
The iguana convulses!
The orc convulses!
The orc warrior convulses!
The orc hits you but does no damage. Something hits you but does no damage.
The orc warrior hits you with a +0 long sword.
You die...

..#. .#. # #..l.... ..
..#.#?# ...#.....##
.#....#...#
...#......#
.....#†#!$######
#...oo.......#######
....#l{♣#..###.......#
.#....#...#.....####.#
....#....#.###.##
#.#...###.## #.#
...... ...####.#####.#
#### #.............#
#..####..####.# .#
##.# #..# .# #.###..#


You could see an orc warrior, an iguana and an orc.

Vanquished Creatures
  Sigmund (D:4)
  A black bear (D:5)
  A phantom (D:4)
  2 scorpions (D:4)
  2 hounds
  2 jellies (D:5)
  An orc priest (D:3)
  An iguana (D:5)
  2 orc wizards (D:4)
  Ijyb (D:4)
  5 adders
  2 worms (D:4)
  A dart slug (D:1)
  7 orcs
  7 ball pythons
  6 endoplasms
  3 giant cockroaches
  4 goblins
  8 hobgoblins
  3 quokkas
  4 bats
  A frilled lizard (D:2)
  6 kobolds
  5 rats
76 creatures vanquished.

Notes
Turn   | Place    | Note
-------+----------+-------------------------------------------
     0 | D:1      | Iusername the Minotaur Fighter began the quest for the Orb.
     0 | D:1      | Reached XP level 1. HP: 19/19 MP: 0/0
   141 | D:1      | Found a faded altar of an unknown god.
   152 | D:1      | Reached XP level 2. HP: 22/27 MP: 1/1
   527 | D:2      | Reached XP level 3. HP: 32/33 MP: 2/2
   734 | D:2      | Found Yfiud's Book Shop.
   754 | D:2      | Found Nyjapnex's Armour Boutique.
  1079 | D:3      | Reached XP level 4. HP: 6/41 MP: 3/3
  1717 | D:3      | Found a radiant altar of Vehumet.
  1878 | D:4      | Reached XP level 5. HP: 44/47 MP: 4/4
  2054 | D:4      | Noticed a phantom
  2067 | D:4      | Killed a phantom
  2068 | D:4      | Reached skill level 5 in Armour
  2068 | D:4      | Reached XP level 6. HP: 39/55 MP: 5/5
  2558 | D:4      | Reached skill level 5 in Long Blades
  2558 | D:4      | Reached skill level 1 in Dodging
  2578 | D:4      | Reached skill level 5 in Fighting
  2957 | D:4      | Noticed Ijyb
  2964 | D:4      | Killed Ijyb
  3891 | D:4      | Noticed Sigmund
  3896 | D:4      | Killed Sigmund
  3897 | D:4      | Reached XP level 7. HP: 61/61 MP: 6/6
  4024 | D:5      | Entered Level 5 of the Dungeon
  4183 | D:5      | Reached skill level 1 in Stealth
  4205 | D:5      | HP: 1/91 [orc warrior/+0 long sword (7)]
  4206 | D:5      | Slain by an orc warrior

Illustrated notes

Levels and vault maps discovered:
D:1:      ncdulo_watergridlock, layout_basic, serial_glass, glass_columns_a,
          glass_columns_a, ebering_ecumenical_altar_mist
D:2:      layout_rooms, serial_shops, shop, nicolae_shop_waterfront
D:3:      layout_basic, mainiacjoe_overflow_six_doors_small,
          chequers_serial_rivers_large_b
D:4:      layout_basic, serial_curves, eino_curves_02, eino_curves_01,
          uniq_sigmund, uniq_ijyb
D:5:      layout_loops_ring, hellmonk_ghost_happy_afterlife,
          nicolae_kite_square_tiling_tiny, uniq_crazy_yiuf_cottage, uniq_grinder

Skill      XL: |  1  2  3  4  5  6  7 |
---------------+----------------------+-----
Armour         | 4 5 6 |  6.8
Fighting       | 4 5 |  5.3
Long Blades    | 3 4 6 |  6.8
Shields        | 4 |  4.6
Dodging        | 1 |  1.3
Stealth        | 1 |  1.0

Action                   |  1- 3 |  4- 6 |  7- 9 || total
-------------------------+-------+-------+-------++-------
Melee: Long sword        |    78 |   104 |    33 ||   215
       Headbutt          |     7 |    26 |     8 ||    41
  Use: Scroll            |       |     8 |     2 ||    10
       Potion            |       |     3 |     2 ||     5
Armor: Scale mail        |    40 |    39 |    16 ||    95
       Skin              |       |       |     6 ||     6
Dodge: Dodged            |    63 |    49 |    23 ||   135
Block: Buckler           |    18 |    20 |     6 ||    44
